 Dungeon Crawl Stone Soup version 0.27-a0-328-g7f782ed93a (webtiles) character file.

Game seed: 9868466584016043679

1830 wakim the Tainter (level 9, -1/51 HPs)
             Began as an Octopode Venom Mage on Feb 11, 2021.
             Was an Initiate of Gozag.
             Shot with an arrow by a centaur (19 damage)
             ... on level 7 of the Dungeon.
             The game lasted 00:28:46 (8744 turns).

wakim the Tainter (Octopode Venom Mage)             Turns: 8744, Time: 00:28:46

Health: -1/51      AC:  5    Str:  7    XL:     9   Next: 11%
Magic:  16/16      EV: 14    Int: 20    God:    Gozag
Gold:   670        SH:  5    Dex: 13    Spells: 5/18 levels left

rFire    . . .     SeeInvis .     - Unarmed
rCold    . . .     Faith    .   d - +0 buckler
rNeg     + . .     Spirit   .   (helmet restricted)
rPois    .         Reflect  .   (no amulet)
rElec    .         Harm     .   p - +4 ring of protection
rCorr    .         Rampage  .   b - ring of positive energy
Will     .....                  (no ring)
Stlth    +++.......             (no ring)
HPRegen  0.17/turn              (no ring)
MPRegen  0.15/turn              (no ring)
                                (no ring)
                                (no ring)

@: no status effects
A: almost no armour, stealthy swim, amphibious, 8 rings, constrict 8, camouflage
1, gelatinous body 1
a: Renounce Religion, Potion Petition, Call Merchant, Bribe Branch


You were on level 7 of the Dungeon.
You worshipped Gozag.
Gozag was pleased with you.
You visited 2 branches of the dungeon, and saw 8 of its levels.

You collected 999 gold pieces.
You spent 300 gold pieces at shops.
You paid 29 gold pieces to Gozag.

Inventory:

Missiles
 h - 8 boomerangs
Armour
 d - a +0 buckler (worn)
Jewellery
 b - a ring of positive energy (right tentacle)
 p - a +4 ring of protection (left tentacle)
Wands
 o - a wand of digging (5)
 q - a wand of mindburst (7)
 v - a wand of iceblast (11)
Scrolls
 e - 4 scrolls of identify
 g - 6 scrolls of teleportation {unknown}
 i - 2 scrolls of amnesia {unknown}
 j - 2 scrolls of enchant armour {unknown}
 k - a scroll of magic mapping {unknown}
 n - a scroll of immolation {unknown}
 r - a scroll of noise {unknown}
 s - a scroll of enchant weapon {unknown}
 t - a scroll of random uselessness {unknown}
 u - a scroll of blinking {unknown}
Potions
 a - a potion of might
 c - a potion of curing
 f - 4 potions of flight
 m - 2 potions of brilliance


   Skills:
 + Level 3.0 Dodging
 - Level 2.6 Stealth
 - Level 4.0 Shields
 + Level 5.2 Unarmed Combat
 - Level 5.0 Spellcasting
 + Level 4.2 Transmutations
 - Level 8.0 Poison Magic


You had 5 spell levels left.
You knew the following spells:

 Your Spells              Type           Power        Failure   Level
a - Sting                 Tmut/Pois      100%         1%          1
b - Poisonous Vapours     Pois/Air       42%          3%          2
c - Olgreb's Toxic Radia  Pois           37%          4%          4
d - Ignite Poison         Fire/Tmut/Pois 21%          7%          3
e - Spider Form           Tmut/Pois      14%          2%          3

Your spell library contained the following spells:

 Spells                   Type           Power        Failure   Level
 Beastly Appendage        Tmut           42%          1%          1
 Wereblood                Tmut           21%          3%          2
 Animate Skeleton         Necr           10%          12%         1
 Apportation              Tloc           10%          12%         1
 Corona                   Hex            5%           12%         1
 Summon Small Mammal      Summ           20%          12%         1
 Mephitic Cloud           Conj/Pois/Air  15%          12%         3
 Ice Form                 Ice/Tmut       13%          43%         4
 Blade Hands              Tmut           10%          50%         5


Dungeon Overview and Level Annotations

Branches:
Dungeon (7/15)             Temple (1/1) D:4

Altars:
Gozag
Kikubaaqudgha
Vehumet
Wu Jian
Xom
The Shining One

Shops:
D:5 :

Annotations:
D:3 Grinder


Innate Abilities, Weirdness & Mutations

You cannot wear most types of armour.
You are very stealthy in the water. (Stealth+)
You are amphibious.
You can wear up to eight rings at the same time.
You can use your tentacles to constrict eight enemies at once.
Your skin changes colour to match your surroundings (Stealth+).
Your rubbery body absorbs attacks. (AC +1, EV +1)


Message History

You now have 641 gold pieces (gained 6).
You now have 646 gold pieces (gained 5).
You see here a +0 spear.
You now have 653 gold pieces (gained 7).
Things that are here:
a +0 spear; a throwing net You now have 658 gold pieces (gained 5).
You now have 665 gold pieces (gained 7).
You see here a +0 halberd.
Magic restored.
Things that are here:
a +0 spear; a throwing net You see here a +0 spear.
You see here a +0 short sword.
An adder comes into view.
Poisonous vapours surround the adder!
The adder hisses angrily.
The adder is engulfed in poison gas.
The adder is poisoned.
You bludgeon the adder!
You kill the adder!
You now have 670 gold pieces (gained 5).
Found a leather armour.
Found a stone staircase leading up.
A wyvern skeleton comes into view.
A wyvern skeleton is nearby!
A centaur comes into view.
The centaur shouts!
The centaur wields a +0 shortbow.
The centaur shoots an arrow.
You block the arrow.
The centaur shoots an arrow.
The arrow hits you!
The centaur shoots an arrow.
The arrow hits you.
The centaur shoots an arrow.
The arrow hits you! The wyvern skeleton closely misses you.
The wyvern skeleton bites you.
The centaur shoots an arrow.
The arrow hits you!
* * * LOW HITPOINT WARNING * * *
The centaur shoots an arrow.
The arrow hits you.
* * * LOW HITPOINT WARNING * * *
The centaur shoots an arrow.
The arrow hits you!!
You die...
Your body crumbles into a pile of gold.

###### #....# #######
#....####....... ########
#...@<.......... #...[..#
#....#.......... #......#
#....##.........
#......#####....#..........
#...........####..####.#.##
#......####c.##..## $
#.........Z#....##
####.##....#...##
#.........#.#


You could see a centaur and a wyvern skeleton.

Vanquished Creatures
  Duvessa (D:6)
  An orc warrior (D:7)
  A sky beast (D:6)
  2 ogres
  A centaur (D:7)
  2 phantoms (D:5)
  A bullfrog (D:7)
  A gnoll sergeant (D:7)
  Blork the orc (D:5)
  Dowan (D:6)
  2 howler monkeys
  A centaur zombie (D:7)
  A hound (D:5)
  Crazy Yiuf (D:3)
  3 orc priests
  2 centaur skeletons
  A jelly (D:6)
  2 iguanas (D:6)
  Ijyb (D:5)
  4 orc wizards
  4 worker ants (D:4)
  A killer bee zombie (D:7)
  A hound skeleton (D:5)
  4 gnolls (D:7)
  9 adders
  A howler monkey skeleton (D:5)
  An ufetubus (D:5)
  An ooze (D:4)
  An adder skeleton (D:5)
  4 worms
  2 dart slugs
  3 leopard geckos
  19 orcs
  3 giant cockroaches
  7 hobgoblins
  4 jackals (D:1)
  A quokka (D:2)
  A ball python (D:2)
  6 bats
  4 frilled lizards
  7 goblins
  8 kobolds
  9 rats
131 creatures vanquished.

Notes
Turn   | Place    | Note
-------+----------+-------------------------------------------
     0 | D:1      | wakim the Octopode Venom Mage began the quest for the Orb.
     0 | D:1      | Reached XP level 1. HP: 11/11 MP: 3/3
    96 | D:1      | Reached XP level 2. HP: 15/17 MP: 1/5
   100 | D:1      | Reached skill level 4 in Poison Magic
   148 | D:1      | Learned a level 2 spell: Poisonous Vapours
   664 | D:1      | Reached skill level 1 in Unarmed Combat
   731 | D:1      | Reached XP level 3. HP: 19/21 MP: 3/6
  1974 | D:2      | Reached skill level 1 in Shields
  2275 | D:2      | Found an opulent altar of Gozag.
  2282 | D:2      | Became a worshipper of Gozag Ym Sagoz the Greedy
  2374 | D:2      | Reached XP level 4. HP: 27/27 MP: 2/7
  2577 | D:2      | Learned a level 4 spell: Olgreb's Toxic Radiance
  3081 | D:3      | Reached XP level 5. HP: 31/31 MP: 2/9
  3461 | D:3      | Found a runed translucent door.
  3462 | D:3      | Noticed Crazy Yiuf
  3470 | D:3      | Killed Crazy Yiuf
  3807 | D:3      | Noticed Grinder
  4076 | D:4      | Noticed an ogre
  4086 | D:4      | Learned a level 3 spell: Ignite Poison
  4106 | D:4      | Reached skill level 5 in Poison Magic
  4190 | D:4      | Reached XP level 6. HP: 36/36 MP: 5/10
  4248 | D:4      | Found a staircase to the Ecumenical Temple.
  4467 | Temple   | Entered the Ecumenical Temple
  4523 | D:4      | Found an opulent altar of Gozag.
  5051 | D:4      | Reached XP level 7. HP: 41/41 MP: 7/12
  5303 | D:5      | Entered Level 5 of the Dungeon
  5400 | D:5      | Found Xeesaem's Book Shop.
  5424 | D:5      | Bought a book of Changes for 300 gold pieces
  5428 | D:5      | Learned a level 3 spell: Spider Form
  5690 | D:5      | Noticed Ijyb
  5694 | D:5      | Killed Ijyb
  5910 | D:5      | Found a glowing golden altar of the Shining One.
  5911 | D:5      | Found a shimmering altar of Xom.
  5933 | D:5      | Found an ornate altar of the Wu Jian Council.
  6127 | D:5      | Noticed Blork the orc
  6135 | D:5      | Killed Blork the orc
  6136 | D:5      | Reached skill level 6 in Poison Magic
  6598 | D:6      | Reached XP level 8. HP: 46/46 MP: 6/14
  6813 | D:6      | Noticed Duvessa
  6813 | D:6      | Noticed Dowan
  6816 | D:6      | Killed Duvessa
  6817 | D:6      | Killed Dowan
  6818 | D:6      | Reached skill level 5 in Spellcasting
  7415 | D:6      | Reached skill level 7 in Poison Magic
  8341 | D:7      | Reached skill level 5 in Unarmed Combat
  8341 | D:7      | Reached XP level 9. HP: 32/51 MP: 7/16
  8559 | D:7      | Reached skill level 8 in Poison Magic
  8744 | D:7      | Shot with an arrow by a centaur

Illustrated notes

Levels and vault maps discovered:
D:1:      dpeg_arrival_connections, layout_loops_ring, minmay_domino_2
D:2:      layout_loops_ring, grunt_gozag_statues
D:3:      layout_basic, led_sif_pool, uniq_crazy_yiuf_cottage, uniq_grinder
D:4:      layout_basic, nicolae_overflow_crystal_walls,
          minmay_temple_entry_ruins
D:5:      layout_basic, nzn_wu_jian_council_hall,
          gammafunk_temple_overflow_pools, serial_shops,
          nicolae_shop_temple_entry_statues_fountains, uniq_blork_the_orc,
          uniq_ijyb
D:6:      layout_basic, uniq_duvessa
D:7:      layout_rooms
Temple:   nicolae_temple_great_sept

Skill      XL: |  1  2  3  4  5  6  7  8  9 |
---------------+----------------------------+-----
Poison Magic   | 4 5 6 7 8 |  8.0
Unarmed Combat | 1 2 3 5 |  5.2
Shields        | 1 2 3 4 |  4.0
Spellcasting   | 3 4 5 |  5.0
Transmutations | 2 3 4 |  4.2
Dodging        | 3 |  3.0
Stealth        | |  2.6

Action                   |  1- 3 |  4- 6 |  7- 9 || total
-------------------------+-------+-------+-------++-------
Melee: Unarmed           |    68 |    71 |   149 ||   288
       Constrict         |    19 |    14 |    17 ||    50
       Tentacles         |    13 |    11 |    11 ||    35
       Punch             |     1 |       |     2 ||     3
 Cast: Sting             |     6 |     1 |       ||     7
       Poisonous Vapours |    30 |    39 |    29 ||    98
       Ignite Poison     |       |     2 |    12 ||    14
       Olgreb's Toxic Ra |       |     2 |     8 ||    10
       Spider Form       |       |       |     8 ||     8
  Use: Scroll            |       |       |     5 ||     5
       Potion            |       |       |     1 ||     1
 Stab: Sleeping          |     2 |     4 |     3 ||     9
Armor: Skin              |     8 |     5 |    16 ||    29
Dodge: Dodged            |    43 |    30 |    93 ||   166
Block: Buckler           |     4 |     7 |    19 ||    30

Table legend: (Time is in decaauts)
 A = Elapsed time spent in this place.
 B = Non-inter-level travel time spent in this place.
 C = Inter-level travel time spent in this place.
 D = Time resting spent in this place.
 E = Time spent auto-exploring this place.
 F = Levels seen in this place.
 G = Mean time per level.
                   A        B        C        D        E       F      G
               +--------+--------+--------+--------+--------+-----+--------+
         Total |   8733 |   8609 |    124 |   3353 |   3725 |   8 | 1091.6 |
       Dungeon |   8720 |   8596 |    124 |   3342 |   3725 |   7 | 1245.7 |
        Temple |     13 |     13 |      0 |     11 |      0 |   1 |   13.0 |
               +--------+--------+--------+--------+--------+-----+--------+

Top non-repeatable levels by time:
     D:3: 1542 daAuts
     D:6: 1499 daAuts
     D:2: 1301 daAuts
     D:1: 1277 daAuts
     D:5: 1253 daAuts
     D:4: 1169 daAuts
     D:7: 677 daAuts
  Temple: 13 daAuts
